| TOP OF THE 1ST |
|
Appleton Foxes batting - Pitching for Quad Cities Angels : LHP Ernie Ramirez
|
|
Pitching: LHP Ernie Ramirez
|
|
|
Batting: LHB Mike Woodard
|
0-0: Ground out 4-3 (Groundball, 4, EV 109.4 MPH)
|
|
Batting: SHB Matt Gallegos
|
0-0: Ball 1-0: Called Strike 1-1: Ball 2-1: Ball 3-1: Foul Ball, location: 2F 3-2: Fly out, F6 (Flyball, 56D, EV 83.8 MPH)
|
|
Batting: RHB Robert Gilles
|
0-0: Ball 1-0: Ball 2-0: Ball 3-0: Base on Balls
|
|
Batting: RHB Randy Asadoor
|
0-0: Foul Ball, location: 2F 0-1: Swinging Strike 0-2: Foul Ball, location: 2F 0-2: Ball 1-2: Strikes out swinging
|
| Top of the 1st over - 0 runs, 0 hits, 0 errors, 1 left on base; Appleton 0 - Quad Cities 0 |
| BOTTOM OF THE 1ST |
|
Quad Cities Angels batting - Pitching for Appleton Foxes : RHP Danny Ortiz
|
|
Pitching: RHP Danny Ortiz
|
|
|
Batting: SHB Frank Diaz
|
0-0: DOUBLE (Flyball, 89D, EV 115.0 MPH)
|
|
Batting: RHB Mike Sharperson
|
0-0: Swinging Strike 0-1: Foul Ball, location: 2F 0-2: Fly out, F3 (Popup, 3, EV 68.8 MPH)
|
|
Batting: LHB Bob Helsom
|
0-0: Called Strike 0-1: Ball 1-1: Ball 2-1: Foul Ball, location: 2F 2-2: Foul Ball, location: 2F 2-2: Strikes out swinging
|
|
Batting: RHB Rolando Roomes
|
0-0: Called Strike 0-1: Fly out, F9 (Flyball, 89S, EV 88.1 MPH)
|
| Bottom of the 1st over - 0 runs, 1 hit, 0 errors, 1 left on base; Appleton 0 - Quad Cities 0 |
| TOP OF THE 2ND |
|
Appleton Foxes batting - Pitching for Quad Cities Angels : LHP Ernie Ramirez
|
|
Batting: RHB Howard Lopes
|
0-0: Called Strike 0-1: Ball 1-1: Foul Ball, location: 2F 1-2: Ball 2-2: SINGLE (Line Drive, 8RS, EV 86.9 MPH)
|
|
Batting: RHB George Hinshaw
|
0-0: Ball 1-0: Grounds into double play, 3-6-3 (Groundball, 34S, EV 91.3 MPH)
|
|
Batting: RHB Douglas Lulay
|
0-0: Called Strike 0-1: Foul Ball, location: 2F 0-2: Foul Ball, location: 2F 0-2: Strikes out swinging
|
| Top of the 2nd over - 0 runs, 1 hit, 0 errors, 0 left on base; Appleton 0 - Quad Cities 0 |
| BOTTOM OF THE 2ND |
|
Quad Cities Angels batting - Pitching for Appleton Foxes : RHP Danny Ortiz
|
|
Batting: RHB Greg Griffin
|
0-0: Called Strike 0-1: Ball 1-1: Foul Ball, location: 2F 1-2: SINGLE (Line Drive, 9S, EV 103.1 MPH)
|
|
Batting: RHB Oscar Mejia
|
0-0: Ball Greg Griffin steals 2nd base 1-0: Called Strike 1-1: Ball 2-1: Ball 3-1: Base on Balls
|
|
Batting: SHB Danny Montero
|
0-0: Ball 1-0: Fielders Choice at 2nd, 4-6 (Groundball, 4M, EV 89.4 MPH) Greg Griffin to third
|
|
Batting: LHB Matteo Allucingoli
|
0-0: Ball 1-0: Fly out, F8 (Line Drive, 8RD, EV 85.6 MPH) Runner from 3rd tags up, SCORES, no throw by CF
|
|
Batting: RHB Brad Fischer
|
0-0: Fly out, F9 (Line Drive, 9D, EV 88.1 MPH)
|
| Bottom of the 2nd over - 1 run, 1 hit, 0 errors, 1 left on base; Appleton 0 - Quad Cities 1 |
| TOP OF THE 3RD |
|
Appleton Foxes batting - Pitching for Quad Cities Angels : LHP Ernie Ramirez
|
|
Batting: RHB Jeffery Carl
|
0-0: Swinging Strike 0-1: Called Strike 0-2: Foul Ball, location: 2F 0-2: Ball 1-2: Ball 2-2: Ball 3-2: Foul Ball, location: 2F 3-2: Base on Balls
|
|
Batting: RHB Philip Sutton
|
0-0: Foul Ball, location: 2F 0-1: Foul Ball, location: 2F 0-2: Ball 1-2: Ball 2-2: Foul Ball, location: 2F 2-2: Fly out, F3 (Line Drive, 3, EV 74.4 MPH)
|
|
Batting: LHB Mike Woodard
|
0-0: Ball 1-0: Ball 2-0: Foul Ball, location: 2F 2-1: Foul Ball, location: 2F 2-2: Ball 3-2: SINGLE (Groundball, 6D, EV 108.1 MPH) Jeffery Carl to second
|
|
Batting: SHB Matt Gallegos
|
0-0: Ball 1-0: Ball 2-0: Called Strike 2-1: Foul Ball, location: 2F 2-2: SINGLE (Flyball, 89S, EV 93.1 MPH) Jeffery Carl to third Mike Woodard to second Runner from 3rd tries for Home, SAFE, throw by RF to home
|
|
Batting: RHB Robert Gilles
|
0-0: Called Strike 0-1: Foul Ball, location: 2F 0-2: Foul Ball, location: 2F 0-2: Fly out, F9 (Flyball, 9LS, EV 75.6 MPH)
|
|
Batting: RHB Randy Asadoor
|
0-0: Called Strike 0-1: Ball 1-1: Fly out, F4 (Flyball, 4D, EV 95.0 MPH)
|
| Top of the 3rd over - 1 run, 2 hits, 0 errors, 2 left on base; Appleton 1 - Quad Cities 1 |
| BOTTOM OF THE 3RD |
|
Quad Cities Angels batting - Pitching for Appleton Foxes : RHP Danny Ortiz
|
|
Batting: SHB Frank Diaz
|
0-0: Swinging Strike 0-1: Ground out 5-3 (Groundball, 5L, EV 92.5 MPH)
|
|
Batting: RHB Mike Sharperson
|
0-0: Ball 1-0: Ball 2-0: Called Strike 2-1: Ball 3-1: Base on Balls
|
|
Batting: LHB Bob Helsom
|
0-0: Called Strike 0-1: Ball 1-1: Ball 2-1: Ball 3-1: Base on Balls Mike Sharperson to second
|
|
Batting: RHB Rolando Roomes
|
0-0: Ball 1-0: Swinging Strike 1-1: SINGLE (Line Drive, 9S, EV 102.5 MPH) Mike Sharperson to third Bob Helsom to second Runner from 3rd tries for Home, SAFE, throw by RF to home
|
|
Batting: RHB Greg Griffin
|
0-0: Called Strike 0-1: Fly out, F8 (Flyball, 8LXD, EV 104.4 MPH) Runner from 2nd tags up, SAFE at 3rd, no throw by CF
|
|
Batting: RHB Oscar Mejia
|
0-0: Foul Ball, location: 2F 0-1: Ball 1-1: Fielders Choice at 2nd, 5-4 (Groundball, 5, EV 86.3 MPH)
|
| Bottom of the 3rd over - 1 run, 1 hit, 0 errors, 2 left on base; Appleton 1 - Quad Cities 2 |
| TOP OF THE 4TH |
|
Appleton Foxes batting - Pitching for Quad Cities Angels : LHP Ernie Ramirez
|
|
Batting: RHB Howard Lopes
|
0-0: Ball 1-0: Called Strike 1-1: Called Strike 1-2: Foul Ball, location: 2F 1-2: Foul Ball, location: 2F 1-2: Fly out, F9 (Line Drive, 9, EV 100.6 MPH)
|
|
Batting: RHB George Hinshaw
|
0-0: Ball 1-0: Ball 2-0: Foul Ball, location: 2F 2-1: SOLO HOME RUN (Flyball, 7LD, EV 107.5 MPH), Distance : 367 ft
|
|
Batting: RHB Douglas Lulay
|
0-0: Ground out 6-3 (Groundball, 6M, EV 108.1 MPH)
|
|
Batting: RHB Jeffery Carl
|
0-0: Called Strike 0-1: Ball 1-1: Called Strike 1-2: Fly out, F7 (Flyball, 78S, EV 90.0 MPH)
|
| Top of the 4th over - 1 run, 1 hit, 0 errors, 0 left on base; Appleton 2 - Quad Cities 2 |
| BOTTOM OF THE 4TH |
|
Quad Cities Angels batting - Pitching for Appleton Foxes : RHP Danny Ortiz
|
|
Batting: SHB Danny Montero
|
0-0: SINGLE (Groundball, 34D, EV 100.6 MPH)
|
|
Batting: LHB Matteo Allucingoli
|
0-0: Ball 1-0: Foul Ball, location: 2F 1-1: Ground out 4-3 (Groundball, 4MS, EV 68.1 MPH) Danny Montero to second
|
|
Batting: RHB Brad Fischer
|
0-0: Ball 1-0: Swinging Strike 1-1: Ball Danny Montero steals 3rd base 2-1: Swinging Strike 2-2: Foul Ball, location: 2F 2-2: Foul Ball, location: 2F 2-2: Ground out 3-1 (Groundball, 34D, EV 105.6 MPH) Danny Montero scores
|
|
Batting: SHB Frank Diaz
|
0-0: Foul Ball, location: 2F 0-1: Fly out, F8 (Flyball, 78M, EV 98.1 MPH)
|
| Bottom of the 4th over - 1 run, 1 hit, 0 errors, 0 left on base; Appleton 2 - Quad Cities 3 |
| TOP OF THE 5TH |
|
Appleton Foxes batting - Pitching for Quad Cities Angels : LHP Ernie Ramirez
|
|
Batting: RHB Philip Sutton
|
0-0: Ball 1-0: Ball 2-0: Fly out, F4 (Line Drive, 4, EV 70.6 MPH)
|
|
Batting: LHB Mike Woodard
|
0-0: Single, Error in OF, E9, batter to second base (Line Drive, 9S, EV 104.4 MPH)
|
|
Batting: SHB Matt Gallegos
|
0-0: Foul Ball, location: 2F 0-1: Ground out 3-1 (Groundball, 34, EV 88.1 MPH) Mike Woodard to third
|
|
Batting: RHB Robert Gilles
|
0-0: Fly out, F8 (Line Drive, 8LD, EV 96.3 MPH)
|
| Top of the 5th over - 0 runs, 1 hit, 1 error, 1 left on base; Appleton 2 - Quad Cities 3 |
| BOTTOM OF THE 5TH |
|
Quad Cities Angels batting - Pitching for Appleton Foxes : RHP Danny Ortiz
|
|
Batting: RHB Mike Sharperson
|
0-0: Called Strike 0-1: Ball 1-1: Ball 2-1: SINGLE (Groundball, 6M, EV 105.0 MPH) (infield hit)
|
|
Batting: LHB Bob Helsom
|
0-0: Ball 1-0: Ball 2-0: Ball 3-0: Called Strike 3-1: Base on Balls Mike Sharperson to second
|
|
Batting: RHB Rolando Roomes
|
0-0: Foul Ball, location: 2F 0-1: Ball 1-1: Ball 2-1: Ball 3-1: SINGLE (Groundball, 5S, EV 71.3 MPH) (infield hit) Mike Sharperson to third Bob Helsom to second
|
|
Batting: RHB Greg Griffin
|
0-0: Ball 1-0: Ball 2-0: Ball 3-0: Base on Balls Mike Sharperson scores Bob Helsom to third Rolando Roomes to second
|
|
Batting: RHB Oscar Mejia
|
0-0: Ball 1-0: Swinging Strike 1-1: Ball 2-1: Grounds into double play, 4-6-3 (Groundball, 4, EV 83.1 MPH) Bob Helsom scores Rolando Roomes to third
|
|
Pitching: RHP John McGuckin
|
|
|
Batting: SHB Danny Montero
|
0-0: Swinging Strike 0-1: Foul Ball, location: 2F 0-2: Ball 1-2: Foul Ball, location: 2F 1-2: Ball 2-2: Foul Ball, location: 2F 2-2: Foul Ball, location: 2F 2-2: Ball 3-2: SINGLE (Groundball, 15S, EV 71.9 MPH) (infield hit) Rolando Roomes scores
|
|
Batting: LHB Matteo Allucingoli
|
0-0: Fly out, F9 (Flyball, 89D, EV 110.0 MPH)
|
| Bottom of the 5th over - 3 runs, 3 hits, 0 errors, 1 left on base; Appleton 2 - Quad Cities 6 |
| TOP OF THE 6TH |
|
Appleton Foxes batting - Pitching for Quad Cities Angels : LHP Ernie Ramirez
|
|
Batting: RHB Randy Asadoor
|
0-0: Called Strike 0-1: Foul Ball, location: 2F 0-2: Foul Ball, location: 2F 0-2: Strikes out swinging
|
|
Batting: RHB Howard Lopes
|
0-0: Ball 1-0: SINGLE (Groundball, 4MD, EV 102.5 MPH)
|
|
Batting: RHB George Hinshaw
|
0-0: Ball 1-0: Foul Ball, location: 2F 1-1: Foul Ball, location: 2F 1-2: Ball 2-2: Ball 3-2: Strikes out swinging
|
|
Batting: RHB Douglas Lulay
|
0-0: Ball Howard Lopes is caught stealing 2nd base 2-4
|
| Top of the 6th over - 0 runs, 1 hit, 0 errors, 0 left on base; Appleton 2 - Quad Cities 6 |
| BOTTOM OF THE 6TH |
|
Quad Cities Angels batting - Pitching for Appleton Foxes : RHP John McGuckin
|
|
Batting: RHB Brad Fischer
|
0-0: Ball 1-0: Ball 2-0: Ball 3-0: Base on Balls
|
|
Batting: SHB Frank Diaz
|
0-0: Ball 1-0: Ball 2-0: Bunted foul 2-1: Bunt missed! 2-2: SINGLE (Groundball, 56D, EV 106.9 MPH) Brad Fischer to second
|
|
Batting: RHB Mike Sharperson
|
0-0: Ball 1-0: Fielders Choice at 2nd, 4-6 (Groundball, 4, EV 88.8 MPH) Brad Fischer to third
|
|
Batting: LHB Bob Helsom
|
0-0: Ball 1-0: Grounds into double play, 5-4-3 (Groundball, 56S, EV 81.9 MPH)
|
| Bottom of the 6th over - 0 runs, 1 hit, 0 errors, 1 left on base; Appleton 2 - Quad Cities 6 |
| TOP OF THE 7TH |
|
Appleton Foxes batting - Pitching for Quad Cities Angels : LHP Ernie Ramirez
|
|
Batting: RHB Douglas Lulay
|
0-0: SINGLE (Flyball, 8RS, EV 90.6 MPH)
|
|
Batting: RHB Jeffery Carl
|
0-0: Ball 1-0: Ball 2-0: Foul Ball, location: 2F 2-1: Fly out, F4 (Popup, 34, EV 62.5 MPH)
|
|
Batting: RHB Philip Sutton
|
0-0: Foul Ball, location: 2F 0-1: Swinging Strike 0-2: Foul Ball, location: 2F 0-2: Fly out, F9 (Flyball, 89D, EV 89.4 MPH)
|
|
Batting: LHB Mike Woodard
|
0-0: Ball 1-0: Fly out, F4 (Popup, 34D, EV 71.9 MPH)
|
| Top of the 7th over - 0 runs, 1 hit, 0 errors, 1 left on base; Appleton 2 - Quad Cities 6 |
| BOTTOM OF THE 7TH |
|
Quad Cities Angels batting - Pitching for Appleton Foxes : RHP John McGuckin
|
|
Batting: RHB Rolando Roomes
|
0-0: Called Strike 0-1: Fly out, F7 (Flyball, 7, EV 87.5 MPH)
|
|
Batting: RHB Greg Griffin
|
0-0: Ball 1-0: Ball 2-0: Swinging Strike 2-1: Ball 3-1: DOUBLE (Groundball, 3L, EV 107.5 MPH)
|
|
Batting: RHB Oscar Mejia
|
0-0: Ball 1-0: Called Strike 1-1: Ground out 5-3 (Groundball, 56, EV 101.9 MPH)
|
|
Batting: SHB Danny Montero
|
0-0: Ball 1-0: Called Strike 1-1: Ball 2-1: Ball 3-1: Swinging Strike 3-2: Base on Balls
|
|
Pitching: RHP George DeMaria
|
|
|
Batting: LHB Matteo Allucingoli
|
0-0: Swinging Strike 0-1: Ball 1-1: Foul Ball, location: 2F 1-2: Fly out, F6 (Flyball, 56D, EV 85.0 MPH)
|
| Bottom of the 7th over - 0 runs, 1 hit, 0 errors, 2 left on base; Appleton 2 - Quad Cities 6 |
| TOP OF THE 8TH |
|
Appleton Foxes batting - Pitching for Quad Cities Angels : LHP Ernie Ramirez
|
|
Batting: SHB Matt Gallegos
|
0-0: Called Strike 0-1: Called Strike 0-2: Ball 1-2: Ground out 6-3 (Groundball, 6, EV 86.9 MPH)
|
|
Batting: RHB Robert Gilles
|
0-0: Ball 1-0: Swinging Strike 1-1: Called Strike 1-2: Fly out, F9 (Flyball, 89S, EV 86.9 MPH)
|
|
Batting: RHB Randy Asadoor
|
0-0: Foul Ball, location: 2F 0-1: Ball 1-1: DOUBLE (Groundball, 5L, EV 95.0 MPH)
|
|
Batting: RHB Howard Lopes
|
0-0: Ball 1-0: Called Strike 1-1: SINGLE (Line Drive, 8RS, EV 108.1 MPH) Randy Asadoor to third Runner from 3rd tries for Home, SAFE, throw by CF to home Howard Lopes to second
|
|
Batting: RHB George Hinshaw
|
0-0: TRIPLE (Line Drive, 8RXD, EV 111.3 MPH) Howard Lopes scores
|
|
Batting: RHB Douglas Lulay
|
0-0: Called Strike 0-1: Ball 1-1: Ball 2-1: Ground out 4-3 (Groundball, 4, EV 84.4 MPH)
|
| Top of the 8th over - 2 runs, 3 hits, 0 errors, 1 left on base; Appleton 4 - Quad Cities 6 |
| BOTTOM OF THE 8TH |
|
Quad Cities Angels batting - Pitching for Appleton Foxes : RHP George DeMaria
|
|
Batting: RHB Brad Fischer
|
0-0: Called Strike 0-1: Ground out 4-3 (Groundball, 4, EV 85.0 MPH)
|
|
Batting: SHB Frank Diaz
|
0-0: Ball 1-0: Called Strike 1-1: Called Strike 1-2: Ball 2-2: Strikes out swinging
|
|
Batting: RHB Mike Sharperson
|
0-0: Ball 1-0: Swinging Strike 1-1: Ball 2-1: Foul Ball, location: 2F 2-2: SINGLE (Line Drive, 4MD, EV 103.1 MPH)
|
|
Batting: LHB Bob Helsom
|
0-0: Ball Mike Sharperson is caught stealing 2nd base 2-6
|
| Bottom of the 8th over - 0 runs, 1 hit, 0 errors, 0 left on base; Appleton 4 - Quad Cities 6 |
| TOP OF THE 9TH |
|
Appleton Foxes batting - Pitching for Quad Cities Angels : LHP Ernie Ramirez
|
|
Pitching: LHP Michael Shoaf
|
|
|
Batting: RHB Jeffery Carl
|
0-0: Called Strike 0-1: Ball 1-1: Foul Ball, location: 2F 1-2: SINGLE (Line Drive, 9S, EV 103.1 MPH)
|
|
Pinch Hitting: RHB Victor Mata
|
0-0: Foul Ball, location: 2F 0-1: Ball 1-1: Ball 2-1: Foul Ball, location: 2F 2-2: Fielders Choice at 2nd, 5-4 (Groundball, 5L, EV 88.1 MPH)
|
|
Batting: LHB Mike Woodard
|
0-0: Called Strike 0-1: Ball 1-1: Ball 2-1: Foul Ball, location: 2F 2-2: Fly out, F3 (Popup, 3S, EV 72.5 MPH)
|
|
Batting: SHB Matt Gallegos
|
0-0: Swinging Strike 0-1: Ball 1-1: Swinging Strike 1-2: Foul Ball, location: 2F 1-2: Ball 2-2: Strikes out swinging
|
| Top of the 9th over - 0 runs, 1 hit, 0 errors, 1 left on base; Appleton 4 - Quad Cities 6 |
|